[Event "Bijnor Open 2024"]
[Site "Bijnor"]
[Date "2024.03.20"]
[Round "7.8"]
[White "Shreyash Singh"]
[Black "Sai Agni Jeevitesh, J."]
[Result "0-1"]
[ECO "A40"]
[WhiteElo "1807"]
[BlackElo "2285"]
[Annotator "TA"]
[PlyCount "80"]
[EventDate "2024.03.17"]
[EventCountry "IND"]
[SourceTitle "playchess.com"]
[Source "ChessBase"]
[SourceQuality "1"]
[TimeControl "5400+30"]

1. d4 e6 2. c4 f5 3. a3 Nf6 4. Nc3 Be7 5. Nf3 b6 6. g3 Bb7 7. Bg2 O-O 8. O-O Qe8 9. Bf4 d6 10. Ng5 {[%emt 0:09:30][%csl LRb7,LRe6] Prevents Ne4} Bxg2 {[%emt 0:01:22] White is slightly better.} 11. Kxg2 Bd8 12. d5 e5 13. Bd2 Nbd7 14. Qc2 Qg6 15. Ne6 {[%emt 0:00:58] Prevents Nc5} Rf7 16. b4 {[%emt 0:10:26] Dodges Nc5} (16. f4 $14) 16... Nf8 $11 17. Nxf8 Rxf8 18. Rad1 a5 {[%emt 0:03:28] [#]} 19. c5 axb4 20. axb4 h5 21. cxd6 cxd6 22. Nb5 Ne4 (22... Nxd5 $2 23. Qc6 $18) 23. Be1 h4 24. f3 Nf6 (24... Ng5 $11) 25. Bf2 (25. Nxd6 Nh5 26. Nc4 hxg3 $15) (25. Qc6 $1 $14 Be7 26. Nxd6) 25... Nh5 $15 {[%emt 0:01:11] Threatens to win with ...hxg3.} 26. Rg1 Nf4+ (26... hxg3 $1 $15 27. hxg3 Bh4) 27. Kf1 (27. Kh1 $11 {should be considered.} Nh3 28. Rg2) 27... Nh3 $1 (27... hxg3 28. hxg3 Nh3 29. Rh1 Nxf2 30. Kxf2 $14) 28. Rg2 Nxf2 29. Kxf2 h3 $36 {[%emt 0:04:43][%mdl 2048] Black has some pressure.} 30. Rgg1 e4 31. Ra1 $2 {[%emt 0:04:01][%mdl 8192] [#]} (31. f4 $11) 31... e3+ $1 32. Kxe3 $19 Rxa1 33. Rxa1 Qe8+ 34. Kf2 Qxb5 35. Qb3 Bf6 36. Ra7 Re8 37. Qc2 Qxd5 {[%emt 0:00:00] White must now prevent ...Qd4+.} 38. Qc7 Qd4+ 39. Ke1 Qc3+ (39... Qxb4+ $142 40. Kd1 Qd4+ 41. Ke1 Qg1+ 42. Kd2 Qe3+ (42... Qxh2 43. Qf7+ Kh7 44. Qh5+ Kg8 45. Qxe8+ Kh7 46. Qh5+ Kg8 47. Ra8+) 43. Kc2 Qxe2+ 44. Kc1 Qf1+ (44... Qxf3 $2 45. Qf7+ Kh7 46. Qxe8 $19) 45. Kc2 Re2+ (45... Qxf3 $2 46. Qf7+ Kh7 47. Qxe8 $19) 46. Kd3 Rf2+ (46... Qxf3+ {gets mated.} 47. Kc4 Rc2+ 48. Kb5 Qd5+ 49. Qc5 Rxc5+ 50. Ka6 Ra5+ 51. Kxb6 Bd8+ 52. Rc7 Qb5#) 47. Ke3 Qe2+ 48. Kf4 Rxf3#) 40. Kf2 Qe3+ {[%emt 0:00:00] Weighted Error Value: White=0.91/Black=0.69.  Loses game:     	White=1     	---        Mistake:       	White=4     	Black=3      Inaccurate:     	White=2     	Black=4      OK:         	White=11    	Black=11     Best:        	White=1     	Black=2      Strong:       	---       	Black=1} 0-1

[Event "Bijnor Open 2024"]
[Site "Bijnor"]
[Date "2024.03.20"]
[Round "7.9"]
[White "Balkishan, A.."]
[Black "Ishan Ghosh"]
[Result "1-0"]
[ECO "A90"]
[WhiteElo "2108"]
[BlackElo "1768"]
[Annotator "RC"]
[PlyCount "63"]
[EventDate "2024.03.17"]
[EventCountry "IND"]
[SourceTitle "playchess.com"]
[Source "ChessBase"]
[SourceQuality "1"]
[TimeControl "5400+30"]

1. d4 e6 2. c4 f5 3. Nc3 Nf6 4. Nf3 d5 5. g3 c6 6. Bg2 Bd6 7. Bf4 Bxf4 8. gxf4 O-O 9. e3 Ne4 10. Qc2 Bd7 11. Ne5 Be8 12. Qb3 Qe7 13. Bxe4 fxe4 14. Rg1 Bh5 15. Rg5 g6 16. Kd2 Kh8 17. Rag1 Na6 18. Ne2 Bxe2 19. Kxe2 Rg8 20. h4 Raf8 21. h5 gxh5 22. Qa3 Qe8 23. Qd6 Rxg5 24. Rxg5 Rg8 25. Qd8 h6 26. Qf6+ Kh7 27. Nf7 Rxg5 28. Qxh6+ Kg8 29. Nxg5 h4 30. Nxe6 Qe7 31. Qg6+ Kh8 32. Ng5 1-0

[Event "Bijnor Open 2024"]
[Site "Bijnor"]
[Date "2024.03.20"]
[Round "7.10"]
[White "Shaurya Prabhakar"]
[Black "Sharma, Harish"]
[Result "0-1"]
[ECO "A90"]
[WhiteElo "1731"]
[BlackElo "1926"]
[Annotator "RC"]
[PlyCount "58"]
[EventDate "2024.03.17"]
[EventCountry "IND"]
[SourceTitle "playchess.com"]
[Source "ChessBase"]
[SourceQuality "1"]
[TimeControl "5400+30"]

1. d4 e6 2. c4 d5 3. Nf3 c6 4. g3 f5 5. Bg2 Nf6 6. O-O Bd6 7. b3 Qe7 8. a4 O-O 9. Ba3 Nbd7 10. Bxd6 Qxd6 11. Na3 Ne4 12. Qd3 b6 13. cxd5 exd5 14. Nd2 a5 15. f3 Ba6 16. Qc2 Nxd2 17. Qxd2 f4 18. gxf4 Rae8 19. Rfe1 Rxf4 20. e4 dxe4 21. Rxe4 Rexe4 22. fxe4 Rh4 23. h3 Qg3 24. b4 axb4 25. Qxb4 Rxh3 26. Qd2 Qh2+ 27. Kf2 Rg3 28. Rg1 Rxa3 29. Re1 Nf6 0-1

[Event "Bijnor Open 2024"]
[Site "Bijnor"]
[Date "2024.03.20"]
[Round "8.1"]
[White "Laxman, R.R."]
[Black "Neelash Saha"]
[Result "1/2-1/2"]
[ECO "E08"]
[WhiteElo "2331"]
[BlackElo "2463"]
[Annotator "TA"]
[PlyCount "26"]
[EventDate "2024.03.17"]
[EventCountry "IND"]
[SourceTitle "playchess.com"]
[Source "ChessBase"]
[SourceQuality "1"]
[TimeControl "5400+30"]

1. d4 Nf6 2. Nf3 e6 3. c4 d5 4. g3 Bb4+ 5. Bd2 Be7 6. Bg2 O-O 7. O-O Nbd7 8. Qc2 c6 9. Rd1 b6 10. Bf4 Nh5 11. Bd2 Nhf6 {[%emt 0:00:06] The position is equal.} 12. Bf4 Nh5 13. Bd2 Nhf6 {[%emt 0:00:05] Not much happened in this game.   Weighted Error Value: White=0.21 (precise) /Black=0.00 (flawless) .  OK:         	---       	Black=2} 1/2-1/2

[Event "Bijnor Open 2024"]
[Site "Bijnor"]
[Date "2024.03.20"]
[Round "8.2"]
[White "Srihari L R"]
[Black "Singh, Arvinder Preet"]
[Result "1-0"]
[ECO "A88"]
[WhiteElo "2490"]
[BlackElo "2030"]
[Annotator "TA"]
[PlyCount "144"]
[EventDate "2024.03.17"]
[EventCountry "IND"]
[SourceTitle "playchess.com"]
[Source "ChessBase"]
[SourceQuality "1"]
[TimeControl "5400+30"]

1. d4 f5 2. Nf3 Nf6 3. c4 g6 4. g3 Bg7 5. Bg2 O-O 6. O-O d6 7. Nc3 c6 8. d5 e5 9. dxe6 Bxe6 10. b3 Na6 11. Ng5 Qe7 12. Nxe6 Qxe6 13. Bb2 Rad8 14. e3 {[%emt 0:01:26] White has an edge.} Rfe8 15. Qc2 Nb4 16. Qd2 d5 {[%emt 0:03:59] [#]} 17. Nxd5 Nbxd5 18. cxd5 cxd5 19. Qd3 (19. Rad1 $1 $16) 19... Rd7 20. Rac1 Red8 21. Rc2 Qe7 22. Bd4 {[%emt 0:01:06] This pair of bishops is nice.} b6 {[%emt 0:00:39] Prevents Bc5} 23. Rfc1 Ne4 24. Rc6 Bxd4 25. Qxd4 Qg7 26. Rd1 Qxd4 27. Rxd4 Kf7 28. h4 Nc5 29. h5 Ne6 30. hxg6+ hxg6 31. Rh4 Kf6 32. Ra4 Kf7 33. Bf1 Kf6 34. Be2 Ke7 35. Rh4 Rf8 36. Rh6 Rf6 $1 37. g4 Ng7 $2 (37... f4 $11 {and Black stays safe.}) 38. Rxg6 $18 Rxc6 39. Rxc6 {[%emt 0:00:10][%mdl 4096] Endgame. KRB-KRN} f4 (39... d4 $142) 40. Bd3 fxe3 41. fxe3 d4 42. Kf2 Kd8 (42... dxe3+ {is a better defense.} 43. Kxe3 Ne8) 43. Rf6 Ke7 44. Rh6 dxe3+ 45. Kxe3 Kd8 46. Bc4 Kc7 47. Rh8 Kd6 48. Kf4 Ke7 49. Ke5 {[%emt 0:01:57] Rg8 would now be deadly.} Rc7 50. Rh7 Kf8 51. Rh8+ Ke7 52. a4 Rc5+ 53. Kf4 Ne6+ 54. Bxe6 Kxe6 {[%emt 0:00:01] KR-KR} 55. Rh6+ Kf7 56. Rh7+ Kg6 $2 (56... Kf6 57. Rd7 (57. Rxa7 Rd5 $18) 57... Rc3) 57. Rxa7 Rc3 58. Ra6 Rxb3 59. a5 $1 Rb4+ {[%emt 0:00:08] [#]} 60. Kf3 $1 Kg5 61. Rxb6 Rf4+ 62. Ke3 (62. Ke2 $142 {Threatens to win with Kd3.} Rxg4 63. a6) 62... Rxg4 63. a6 {[%emt 0:01:16] White threatens Rb5+ and mate.} Ra4 64. Kd3 {[%emt 0:00:05] White mates.} Kf5 65. Kc3 Ke5 66. Kb3 Ra1 {[%emt 0:00:16] [#]} 67. Kc4 $1 Rc1+ 68. Kb5 Kd5 69. a7 Rb1+ 70. Ka6 Ra1+ 71. Kb7 Kc5 72. Rb2 ({And not} 72. a8=B Rxa8 73. Rh6 Rd8 $11) 72... Kd5 {[%emt 0:01:40] Weighted Error Value: White=0.19 (very precise) /Black=0.23 (precise) .  Loses game:     	---       	Black=2      Mistake:       	White=1     	Black=3      Inaccurate:     	White=2     	Black=7      OK:         	White=15    	Black=18     Best:        	White=2     	---        Strong:       	White=1     	Black=1} 1-0

[Event "Bijnor Open 2024"]
[Site "Bijnor"]
[Date "2024.03.20"]
[Round "8.3"]
[White "Mahindrakar Indrajeet"]
[Black "Vignesh B"]
[Result "1/2-1/2"]
[ECO "B06"]
[WhiteElo "2136"]
[BlackElo "2209"]
[Annotator "RC"]
[PlyCount "140"]
[EventDate "2024.03.17"]
[EventCountry "IND"]
[SourceTitle "playchess.com"]
[Source "ChessBase"]
[SourceQuality "1"]
[TimeControl "5400+30"]

1. d4 d6 2. e4 g6 3. Nc3 Bg7 4. Be3 a6 5. Qd2 b5 6. a3 Nd7 7. f4 Nb6 8. Nf3 Nf6 9. Bd3 Bb7 10. d5 c6 11. dxc6 Bxc6 12. Bd4 O-O 13. O-O Rc8 14. Qf2 Nc4 15. Bxc4 bxc4 16. h3 Qc7 17. e5 Nh5 18. exd6 Qxd6 19. Be5 Bxe5 20. Nxe5 Qb8 21. Rab1 Nf6 22. Rfe1 Ba8 23. Re3 Rfd8 24. f5 Rd6 25. Qe2 Rd4 26. Nxf7 Qb6 27. fxg6 hxg6 28. Ng5 Rcd8 29. Re1 Nh5 30. Nf3 Bxf3 31. Qxf3 Rf4 32. Nd5 Rxf3 33. Nxb6 Rxe3 34. Rxe3 Rd2 35. Nxc4 Rxc2 36. Re4 Kf8 37. b4 g5 38. Rg4 Nf6 39. Rd4 Nh5 40. Ne3 Re2 41. Rd3 e5 42. Rb3 Nf4 43. a4 Ke7 44. b5 axb5 45. axb5 Kd7 46. b6 Kc8 47. b7+ Kb8 48. Kh2 Ne6 49. Rb6 Nd8 50. Nc4 Re4 51. Na5 Rd4 52. Ra6 Kc7 53. Rg6 Ra4 54. Rg7+ Kb8 55. Rg8 Rxa5 56. Rxd8+ Kxb7 57. Rg8 Kc6 58. Rxg5 Kd5 59. h4 Ke4 60. Kg3 Kd4 61. h5 Ra3+ 62. Kh4 e4 63. Rg8 e3 64. Rd8+ Kc3 65. Re8 Kd2 66. h6 e2 67. h7 Re3 68. Rxe3 Kxe3 69. h8=Q e1=Q+ 70. Kg4 Qd1+ 1/2-1/2

[Event "Bijnor Open 2024"]
[Site "Bijnor"]
[Date "2024.03.20"]
[Round "8.4"]
[White "Dutta, Joydeep"]
[Black "Sai Agni Jeevitesh, J."]
[Result "1/2-1/2"]
[ECO "E11"]
[WhiteElo "2041"]
[BlackElo "2285"]
[Annotator "TA"]
[PlyCount "157"]
[EventDate "2024.03.17"]
[EventCountry "IND"]
[SourceTitle "playchess.com"]
[Source "ChessBase"]
[SourceQuality "1"]
[TimeControl "5400+30"]

1. d4 Nf6 2. c4 e6 3. g3 d5 4. Nf3 Bb4+ 5. Bd2 a5 6. a3 Be7 7. Qc2 O-O 8. Bg2 c6 9. O-O Nbd7 10. Bg5 {[%emt 0:02:38] E11: Damenindisch (Bogoljubow-Variante).} a4 $146 ({Predecessor:} 10... b6 11. Nbd2 Ba6 12. Rac1 Rc8 13. Rfd1 h6 14. Bxf6 Nxf6 15. e4 Qd7 16. e5 Nh7 17. c5 Qb7 {0-1 Erigaisi,A (2689)-Duda,J (2750) FTX Road to Miami Prelim 2022 (9)}) 11. Nbd2 h6 12. Bxf6 Nxf6 13. Rfd1 Qa5 14. Rac1 Rd8 15. e3 Bd7 16. Qc3 Qa7 17. Ne5 Be8 18. Qc2 Rac8 19. cxd5 exd5 20. Nb1 Bd6 21. Bh3 Rc7 22. Nc3 Ra8 23. Qe2 Re7 24. Nd3 Bd7 25. Bxd7 Nxd7 26. Qf3 Rae8 27. Rc2 Nb6 28. Ne1 Re6 29. Ng2 Qa5 30. Qe2 Nc4 31. Rcc1 b5 32. Qc2 f5 33. h4 h5 $2 (33... Qa7 $17 {Weiss muss nun ...Qf7 beachten.} 34. Nb1 Rf6) 34. Ra1 g6 35. Ne2 Kg7 36. Nc3 Rb8 37. Ra2 Ree8 38. Raa1 Qc7 39. Rd3 Rb7 40. Rdd1 Reb8 41. Ra2 Qe7 42. Rf1 Qf6 43. Rd1 (43. Ne2 $11) 43... Kh8 $17 44. Qe2 Rg8 45. Qf3 Qe6 (45... g5 $17 46. hxg5 Qxg5) 46. Qe2 $2 ({Vorzuziehen ist} 46. Nf4 $15 Bxf4 47. Qxf4) 46... Re7 $2 (46... g5 $1 $19 {[%cal Rg5h4] und Schwarz behält klar die Oberhand. Droht stark ...gxh4.} 47. hxg5 Rxg5) 47. Qf3 $17 Reg7 48. Kf1 Qf7 ({Auf keinen Fall} 48... g5 49. hxg5 Rxg5 50. Ne2 $17) (48... Qe8 {scheint wilder zu sein.} 49. Nf4 Re7 50. Ke2 Bc7) 49. Kg1 Qb7 50. Qe2 $2 (50. Ne2 $15) 50... Ra8 $2 ({Günstiger ist} 50... g5 $1 $19 51. Raa1 gxh4 52. Nxh4 Qf7) 51. Rda1 (51. Kh2 $11) 51... Qb8 ({Besser ist} 51... g5 $1 $17 {Droht ...Qf7 und aus.} 52. Qxh5+ Rh7) 52. Rd1 Rga7 (52... Raa7 $15) 53. Qc2 $11 Kg7 54. Rda1 Rb7 55. Qe2 Bc7 56. Qc2 Qe8 57. Qe2 Ba5 58. Nf4 Re7 59. Ng2 Qd7 60. Qd3 Bc7 61. Ne2 Re4 62. Nc3 Rg4 63. Ne2 Re4 64. Nc3 Re7 65. Rd1 Rae8 66. Rc1 $2 {[%emt 0:00:00][%mdl 8192] [#]} (66. Ne2 $11 {und Weiss steht sicher.}) 66... Qd6 $2 (66... Bxg3 $1 $19 67. Rb1 (67. fxg3 $2 {geht unter.} Rxe3 68. Qf1 Rxg3 $19) 67... Bxf2+ 68. Kxf2 Qd6) 67. Ne2 $15 b4 (67... Qf6 $15) 68. axb4 $16 Qxb4 69. Qc2 Rb8 70. Rxa4 Qxb2 71. Ra2 Qxc2 72. Rcxc2 Rb6 73. Ra7 (73. Ngf4 $16) 73... Bd6 $14 74. Rxe7+ Bxe7 75. Ngf4 Kf6 76. Ra2 Bd6 77. Kg2 Ba3 78. Nd3 Rb3 {[%emt 0:00:23] [#]} 79. Ne5 (79. Nef4 $1 $14) 1/2-1/2

[Event "Bijnor Open 2024"]
[Site "Bijnor"]
[Date "2024.03.20"]
[Round "8.5"]
[White "Sharma, Harish"]
[Black "Balkishan, A.."]
[Result "0-1"]
[ECO "B44"]
[WhiteElo "1926"]
[BlackElo "2108"]
[Annotator "RC"]
[PlyCount "86"]
[EventDate "2024.03.17"]
[EventCountry "IND"]
[SourceTitle "playchess.com"]
[Source "ChessBase"]
[SourceQuality "1"]
[TimeControl "5400+30"]

1. e4 c5 2. Nf3 e6 3. d4 cxd4 4. Nxd4 Nc6 5. Nb5 d6 6. c4 Nf6 7. Bg5 Be7 8. f3 a6 9. N5c3 O-O 10. Be3 d5 11. cxd5 exd5 12. exd5 Nb4 13. Be2 Bf5 14. Na3 Nbxd5 15. Bd4 Nxc3 16. Bxc3 Nd5 17. Bd4 Nf4 18. Kf2 Bxa3 19. bxa3 Nd3+ 20. Bxd3 Qxd4+ 21. Kg3 Bxd3 22. Qb3 Bc4 23. Qxb7 Rab8 24. Qe7 Rb6 25. h4 Rg6+ 26. Kh2 Qf2 27. Rhg1 f6 28. Qe4 Qg3+ 29. Kh1 Bd3 30. Qe6+ Kh8 31. Qe1 Qxe1 32. Rgxe1 f5 33. Rad1 Bc4 34. Re7 h6 35. Rd4 Bf1 36. Rd2 Rc8 37. Kg1 Bb5 38. Rf7 Rc1+ 39. Kh2 Rf6 40. Ra7 Kh7 41. h5 Be8 42. Rd8 Bxh5 43. Rda8 Rc2 0-1

[Event "Bijnor Open 2024"]
[Site "Bijnor"]
[Date "2024.03.20"]
[Round "8.6"]
[White "Ram Prakash, R."]
[Black "Royal, Shreyas"]
[Result "1/2-1/2"]
[ECO "A12"]
[WhiteElo "2191"]
[BlackElo "2457"]
[Annotator "TA"]
[PlyCount "117"]
[EventDate "2024.03.17"]
[EventCountry "IND"]
[SourceTitle "playchess.com"]
[Source "ChessBase"]
[SourceQuality "1"]
[TimeControl "5400+30"]

1. Nf3 Nf6 2. b3 d5 3. Bb2 Bf5 4. e3 e6 5. Be2 Nbd7 6. O-O Bd6 7. c4 c6 8. Nc3 O-O 9. Nh4 {[%emt 0:02:41] A12: English Opening: 1...c6 with b3 by White.} Bg6 10. Nxg6 hxg6 11. d4 Qe7 12. a3 a6 $146 ({Predecessor:} 12... Rac8 13. Bf3 Rfd8 14. Qc2 e5 15. g3 e4 16. Bg2 Nf8 17. b4 Qd7 18. Qe2 Re8 {0-1 Arabidze,M (2438)-Maevsky,N (2337) Titled Tuesday intern op 13th July blitz 2021 (5)}) 13. Qc2 dxc4 14. bxc4 Rac8 (14... c5 $11 {remains equal.}) 15. Rfd1 e5 16. Bf3 Rfe8 17. g3 e4 18. Bg2 Nf8 19. Nb1 N8h7 20. Qe2 g5 21. h3 Nf8 (21... c5 $14) 22. Nd2 $16 c5 23. dxc5 Be5 24. Bd4 (24. Nxe4 $2 Bxb2 25. Qxb2 Nxe4 $19) 24... Qc7 (24... Rcd8 $16) 25. Rab1 $18 (25. Bxe4 $2 Bxd4 26. exd4 Nxe4 27. Nxe4 f5 $19) 25... Rcd8 (25... Qe7 $142 26. Nxe4 (26. Bxe4 Bxd4 27. Bxb7 Rc7 $17) 26... Nxe4 (26... Bxd4 $2 27. Rxb7 Bxc5 28. Rxe7 $18)) 26. Nf1 $2 (26. Bxe4 $2 Bxd4 27. exd4 Rxd4 $19) (26. Nxe4 $18 {and the rest is easy.} Bxd4 27. Rxd4 (27. exd4 Rxe4 28. Bxe4 Re8 $18) 27... Nxe4 28. Bxe4) 26... Ne6 27. Qb2 Bxd4 28. exd4 Rd7 29. Rd2 (29. Ne3 Red8 $16) 29... Red8 30. Rbd1 Qa5 31. Qc1 $2 (31. Kh2 $16) 31... Nxd4 $17 32. Kh1 (32. Qb2 $142 Qxc5 33. Ne3 Ne2+ 34. Kh2 Rxd2 35. Rxd2 Rxd2 36. Qxd2) 32... Nb3 $17 33. Rxd7 Rxd7 (33... Nxd7 34. Qxg5 Nbxc5 35. Bxe4 $16) 34. Qb1 Rxd1 (34... Nxc5 35. Rxd7 Nfxd7 36. Bxe4 $17) 35. Qxd1 Nxc5 36. Qc1 $2 (36. Qa1 $17) 36... Nd3 $19 37. Qe3 Qxa3 38. f3 Qc5 39. fxe4 Qxe3 ({Don't play} 39... Qxc4 40. Qxg5 Ne1 (40... Nxe4 41. Qd8+ Kh7 42. Qh4+ Kg8 43. Qd8+ Kh7 44. Qh4+ Kg8 45. Qd8+ $11) 41. Nd2) 40. Nxe3 Nxe4 41. Kg1 Nd6 (41... Nxg3 42. Bxb7 Nc5 43. Bd5) 42. Kf1 b5 43. cxb5 axb5 44. Nd5 Ne5 45. Ke2 f5 46. Ke3 Kf7 47. Kd4 Nd7 48. Nc7 {[%emt 0:01:33] [#]} Nf6 $1 49. Na6 Nde4 (49... Ke7 $19 50. Bf1 f4 51. gxf4 gxf4) 50. g4 $17 fxg4 51. hxg4 Nf2 52. Bf1 N2xg4 (52... N6xg4 53. Bxb5 Nh6 54. Ke3 Nfg4+ 55. Kf3 $17) 53. Bxb5 Nh6 54. Nc5 g4 55. Ke3 {[%emt 0:01:43] [#]} (55. Ke5 $17) 55... Kg6 $2 (55... Nh5 $1 $19 {aiming for ...Nf5+.} 56. Kf2 Nf5) 56. Ne6 Nd5+ 57. Kf2 (57. Kd4 $11 {was the only way to keep the balance.}) 57... Kf6 ({Better is} 57... Nf5 $17 {...Kf6 would now be deadly.} 58. Bc6 Nf6) 58. Nxg7 $1 $11 Kxg7 59. Bd7 1/2-1/2

[Event "Bijnor Open 2024"]
[Site "Bijnor"]
[Date "2024.03.20"]
[Round "8.7"]
[White "Chaudhary Sanjeev"]
[Black "Daksh Goyal"]
[Result "0-1"]
[ECO "C42"]
[WhiteElo "1652"]
[BlackElo "1926"]
[Annotator "RC"]
[PlyCount "56"]
[EventDate "2024.03.17"]
[EventCountry "IND"]
[SourceTitle "playchess.com"]
[Source "ChessBase"]
[SourceQuality "1"]
[TimeControl "5400+30"]

1. e4 e5 2. Nf3 Nf6 3. Nc3 Nc6 4. Bc4 Bb4 5. a3 Bxc3 6. dxc3 h6 7. O-O O-O 8. Re1 d6 9. h3 Ne7 10. Qd3 Bd7 11. b4 d5 12. Bxd5 Nexd5 13. exd5 e4 14. Rxe4 Bf5 15. Re8 Bxd3 16. Rxd8 Raxd8 17. cxd3 Nxd5 18. Bd2 Nb6 19. Nd4 Rfe8 20. Be3 a6 21. c4 Rd7 22. a4 Red8 23. a5 Nc8 24. Re1 Kh7 25. c5 Rxd4 26. Bxd4 Rxd4 27. Re8 Na7 28. Rb8 Nb5 0-1

[Event "Bijnor Open 2024"]
[Site "Bijnor"]
[Date "2024.03.20"]
[Round "8.8"]
[White "Srivardhan Reddy Devareddy"]
[Black "Arnav Agrawal"]
[Result "1-0"]
[ECO "E63"]
[WhiteElo "1662"]
[BlackElo "1843"]
[Annotator "NA RC"]
[PlyCount "113"]
[EventDate "2024.03.17"]
[EventCountry "IND"]
[SourceTitle "playchess.com"]
[Source "ChessBase"]
[SourceQuality "1"]
[TimeControl "5400+30"]

1. Nf3 Nf6 2. c4 g6 3. Nc3 Bg7 4. g3 O-O 5. Bg2 d6 6. d4 Nc6 7. O-O a6 8. b3 Rb8 9. d5 {[%emt 0:00:29] is the new trend.} Na5 {[%emt 0:00:06] E63: King's Indian: Fianchetto: Panno Variation with 7...a6.} 10. Bg5 c5 11. dxc6 Nxc6 12. Rc1 h6 13. Bd2 Be6 14. e4 Qd7 15. Qe2 $146 ({Predecessor:} 15. Re1 b5 16. c5 d5 17. exd5 Nxd5 18. Nxd5 Bxd5 19. Bc3 Rfd8 20. Bxg7 Kxg7 21. Qe2 {0-1 Vishwa,V (2034)-Debevec,B (2149) Novi Sad TS Mix 156th 2021 (7)}) 15... Bg4 16. Rfd1 Qe6 17. h3 Bxh3 18. Nd5 Bxg2 19. Kxg2 Nxe4 20. Nf4 Qf5 21. Nh4 Qe5 22. Nf3 Nd4 23. Nxe5 Nxe2 24. Nd7 (24. Nxe2 $17 dxe5 25. Bb4) 24... Nxc1 25. Bxc1 Nc3 26. Rd2 b5 27. Nxb8 Rxb8 28. cxb5 axb5 29. Bb2 b4 30. Rc2 Ra8 31. Bxc3 bxc3 32. Kf3 e6 33. Ke3 d5 34. Kd3 d4 35. Re2 e5 36. Nd5 f5 37. f3 Re8 38. Nb4 Bf8 39. Nc2 Bc5 40. b4 Ba7 41. a4 Kf7 42. a5 Ke6 43. b5 Bc5 44. b6 Kd5 45. b7 Kc6 $4 ({Not} 45... Bd6 46. a6 (46. Nxd4 $2 e4+ 47. fxe4+ fxe4+ 48. Kxc3 Be5 $19) 46... Kc6 (46... e4+ 47. fxe4+ Kc6 48. Nxd4+ Kb6 49. e5 $14) 47. Nxd4+ Kb6 48. a7 Kxb7 49. Nb5 $15) (45... Ba7 $19 {and life is good for Black.} 46. Nb4+ Kc5 47. Na6+ Kc6) 46. Rxe5 Rd8 47. a6 Bd6 48. Re6 Kc7 49. Rxg6 Kb8 (49... h5 $142 50. Kxd4 (50. Nxd4 Be5 $14) 50... f4 51. Kxc3 (51. gxf4 h4 $18) 51... fxg3) 50. Rxh6 Bxg3 51. Nb4 Re8 52. Nc6+ Kc7 53. b8=Q+ Rxb8 54. Nxb8 Kxb8 55. Kxd4 Be1 56. Rc6 Ka7 57. Ke5 1-0

[Event "Bijnor Open 2024"]
[Site "Bijnor"]
[Date "2024.03.20"]
[Round "8.9"]
[White "Mishra Kamad"]
[Black "Lakshya Nigam"]
[Result "1-0"]
[ECO "A15"]
[WhiteElo "1812"]
[BlackElo "1582"]
[Annotator "NA RC"]
[PlyCount "85"]
[EventDate "2024.03.17"]
[EventCountry "IND"]
[SourceTitle "playchess.com"]
[Source "ChessBase"]
[SourceQuality "1"]
[TimeControl "5400+30"]

1. b3 g6 2. Bb2 Nf6 3. c4 Bg7 4. d4 O-O 5. Nc3 d6 6. Nf3 {[%emt 0:01:29] A15: Englisch gegen Königs-Fianchetto.} Nbd7 7. g3 e5 8. Bg2 c6 9. e4 Re8 10. dxe5 Nxe5 11. Nxe5 dxe5 12. O-O Qc7 13. h3 Be6 14. Qc2 Nh5 15. Na4 b6 16. Qe2 Rad8 17. Rad1 Qe7 18. Nc3 a6 19. Qe3 b5 20. cxb5 axb5 21. Rxd8 Rxd8 22. Qb6 Rd2 23. Bc1 Rc2 24. Qa5 b4 25. Nb1 h6 26. Rd1 Qc5 27. Qa8+ Kh7 28. Be3 Qb5 29. Bf1 Re2 30. Kg2 f5 31. Rd2 $18 ({Weaker is} 31. Bxe2 Qxe2 32. Qd8 fxe4 $17) 31... Nxg3 32. Kxg3 Rxe3+ 33. Kg2 Qc5 34. fxe3 Qxe3 35. Qxc6 Qg5+ 36. Kh1 Qf4 37. Bg2 Qg3 38. Qxe6 f4 39. Qg4 Qe1+ 40. Kh2 h5 41. Qe2 Qg3+ 42. Kh1 Bh6 43. Qf2 1-0

[Event "Bijnor Open 2024"]
[Site "Bijnor"]
[Date "2024.03.20"]
[Round "8.10"]
[White "Anant Panwar"]
[Black "Vatsal Singla"]
[Result "1-0"]
[ECO "D30"]
[WhiteElo "1591"]
[BlackElo "1795"]
[Annotator "NA RC"]
[PlyCount "59"]
[EventDate "2024.03.17"]
[EventCountry "IND"]
[SourceTitle "playchess.com"]
[Source "ChessBase"]
[SourceQuality "1"]
[TimeControl "5400+30"]

1. d4 d5 2. c4 e6 3. g3 c6 4. Bg2 dxc4 5. Nf3 b5 6. a4 Bb7 7. O-O Nd7 8. b3 cxb3 9. Qxb3 a6 10. Rd1 Ngf6 11. Ne5 Qc7 12. Bf4 Nxe5 13. Bxe5 Bd6 14. Bxf6 gxf6 15. Nd2 f5 16. e4 fxe4 17. Nxe4 Be7 18. Rac1 Qb6 19. Nc5 Bxc5 20. dxc5 Qc7 21. Rd6 O-O 22. Rcd1 Rfd8 23. Qe3 Qe7 24. Qh6 f6 25. Bh3 Rxd6 26. cxd6 Qf7 27. d7 Rd8 28. Rd6 Qf8 29. Bxe6+ Kh8 30. Qxf8+ 1-0